Map: 深海暗礁 - 天梯版

Players

深海孙一峰

  • Race: Protoss Protoss
  • League: Master
  • Spawn Location: 11:00

电脑难度(新手) - Winner!

  • Race: Zerg Zerg
  • Spawn Location: 5:00

VOD

Have the link to the VOD?

Description

Time

  • Played on: March 8, 2017, 7:35 a.m.
  • Length: 7:19
Show
View Real Time Build Order
Export as new Build Order

深海孙一峰 Protoss 

Build Orders: 1 Gate Expand 

Get SALT Encoding   

  12  0:00  Probe (Chrono Boost)  
  13  0:11  Probe (Chrono Boost)  
  14  0:18  Pylon  
  14  0:22  Probe (Chrono Boost)  
  15  0:36  Probe (Chrono Boost)  
  15  0:39  Gateway  
  16  0:47  Probe (Chrono Boost)  
  16  0:49  Assimilator  
  17  0:57  Probe (Chrono Boost)  
  18  1:08  Probe (Chrono Boost)  
  20  1:18  Probe (Chrono Boost)  
  20  1:27  Nexus  
  20  1:36  Cybernetics Core  
  20  1:39  Probe (Chrono Boost)  
  21  1:44  Assimilator  
  21  1:50  Probe (Chrono Boost)  
  22  1:54  Pylon  
  22  2:01  Probe (Chrono Boost)  
  23  2:09  Adept  
  23  2:13  Warp Gate  
  23  2:14  Probe (Chrono Boost)  
  26  2:23  Twilight Council  
  26  2:26  Probe (Chrono Boost)  
  27  2:36  Adept  
  30  2:37  Probe (Chrono Boost)  
  30  2:39  Probe (Chrono Boost)  
  31  2:47  Probe (Chrono Boost)  
  31  2:48  Resonating Glaives  
  32  2:52  Probe (Chrono Boost)  
  34  2:59  Probe (Chrono Boost)  
  34  3:03  Adept  
  36  3:07  Probe (Chrono Boost)  
  36  3:11  Probe (Chrono Boost), Gateway  
  38  3:15  Gateway  
  38  3:19  Probe (Chrono Boost)  
  39  3:27  Probe (Chrono Boost)  
  40  3:30  Probe (Chrono Boost)  
  40  3:32  Adept  
  43  3:37  Pylon  
  43  3:40  Probe (Chrono Boost)  
  46  3:42  Mothership Core (Chrono Boost)  
  46  3:45  Robotics Facility  
  46  3:53  Pylon  
  46  3:55  Probe (Chrono Boost)  
  47  3:56  Assimilator  
  47  3:58  Assimilator  
  47  4:01  Probe (Chrono Boost)  
  48  4:05  Probe (Chrono Boost)  
  49  4:13  Probe (Chrono Boost)  
  49  4:15  Adept x2  
  49  4:16  Adept  
  56  4:19  Probe (Chrono Boost)  
  58  4:26  Probe (Chrono Boost)  
  58  4:27  Warp Prism  
  58  4:30  Probe (Chrono Boost)  
  59  4:38  Pylon  
  61  4:43  Nexus  
  61  4:50  Pylon  
  62  4:53  Probe (Chrono Boost)  
  62  4:58  Probe (Chrono Boost)  
  63  5:05  Sentry x2  
  63  5:06  Sentry  
  69  5:09  Probe (Chrono Boost)  
  69  5:13  Gateway x2  
  70  5:14  Gateway  
  70  5:16  Gateway  
  70  5:20  Gateway  
  70  5:30  Sentry x3  
  70  5:32  Probe x2 (Chrono Boost)  
  78  5:42  Pylon  
  78  5:50  Immortal  
  78  5:57  Probe x2 (Chrono Boost)  
  84  6:00  Sentry x3  
  91  6:04  Probe (Chrono Boost)  
  91  6:09  Probe x2 (Chrono Boost)  
  93  6:12  Pylon  
  93  6:16  Probe (Chrono Boost), Pylon  
  94  6:21  Probe x2 (Chrono Boost)  
  94  6:23  Adept  
  94  6:24  Adept  
  100  6:26  Observer  
  100  6:27  Pylon x2  
  100  6:30  Pylon  
  100  6:31  Adept x3, Pylon  
  107  6:45  Pylon  
  107  6:47  Pylon  
  107  6:59  Adept  
  107  7:00  Adept x7  
  123  7:04  Pylon  
  123  7:05  Pylon  
  123  7:07  Pylon  
Show
View Real Time Build Order
Export as new Build Order

电脑难度(新手) Zerg - Winner!

Build Orders: Pool Only 

Get SALT Encoding   

  12  0:01  Drone  
  13  0:12  Overlord  
  13  0:16  Drone  
  14  0:35  Spawning Pool  
  13  0:37  Drone  
  13  0:40  Extractor  
  13  0:45  Drone  
  14  0:51  Overlord  
  14  1:22  Zergling x2, Queen  
  17  1:31  Roach Warren  
  16  1:33  Extractor  
  16  1:36  Drone  
  16  1:43  Drone  
  17  1:49  Zergling x2  
  18  2:03  Drone  
  19  2:10  Drone  
  20  2:16  Zergling x2  
  20  2:19  Drone  
  22  2:29  Overlord  
  22  2:33  Drone  
  23  2:40  Drone  
  23  2:43  Roach  
  26  2:47  Drone  
  27  4:56  Zergling x2  
  27  4:57  Drone  
  26  5:04  Drone  
  16  5:11  Drone  
  16  5:18  Drone  
  17  5:25  Drone, Roach  
  20  5:33  Drone  
  21  5:40  Drone  
  22  5:47  Drone  
  23  5:53  Zergling x2  
  23  5:54  Drone  
  23  5:56  Queen  
  25  6:01  Drone  
  25  6:09  Drone  
  26  6:16  Drone  
  27  6:22  Zergling x2  
  27  6:23  Drone  
  28  6:30  Drone  
  25  6:37  Drone  
  26  6:44  Drone  
  27  6:51  Drone, Roach  
Tags
 
Add a new tag
Caveats
  • Supply blocks, unpowered buildings, or Contaminate may cause inaccurate times.
  • Supply counts are checked every 10 seconds.